 Dungeon Crawl Stone Soup version 0.30-a0-578-gdee14c521f (webtiles) character file.

Game seed: 3903919263689067515

143 bande the Covered (level 5, -1/33 HPs)
             Began as a Gargoyle Fighter on Jan 1, 2023.
             Splashed by a jelly's acid (5 damage)
             ... on level 2 of the Dungeon.
             The game lasted 00:02:57 (1862 turns).

bande the Covered (Gargoyle Fighter)                Turns: 1862, Time: 00:02:58

Health: -1/33      AC:  6    Str: 19    XL:     5   Next: 25%
Magic:  5/5        EV: 12    Int:  9    God:
Gold:   77         SH:  4    Dex: 11    Spells: 4/4 levels left

rFire   . . .      SeeInvis .    a - +0 war axe
rCold   . . .      Faith    .    c - +0 buckler
rNeg    + . .      Spirit   .    j - +0 chain mail
rPois   ∞          Reflect  .    t - +0 helmet
rElec   +          Harm     .    (no cloak)
rCorr   .          Rampage  .    (no gloves)
Will    .....                    (no boots) Stlth
                                 (no amulet)
HPRegen 0.25/turn                p - +5 ring of evasion
MPRegen 0.09/turn                (no ring)

@: corroded
A: sickness immunity, AC +4, negative energy resistance 1, electricity
resistance, torment resistance 1, petrification resistance
a: no special abilities


You were on level 2 of the Dungeon.
You visited 1 branch of the dungeon, and saw 3 of its levels.

You collected 77 gold pieces.

Inventory:

Hand Weapons
 a - a +0 war axe (weapon)
Armour
 c - a +0 buckler (worn)
 j - a +0 chain mail (worn)
 t - a +0 helmet (worn)
Jewellery
 p - a +5 ring of evasion (left hand)
Wands
 s - a wand of light (11)
Scrolls
 b - 2 scrolls of enchant armour {unknown}
 f - a scroll of blinking {unknown}
 i - a scroll of vulnerability {unknown}
 l - 3 scrolls of identify {unknown}
 m - a scroll of torment {unknown}
 o - a scroll of teleportation {unknown}
 u - a scroll of noise {unknown}
Potions
 d - a potion of might
 e - a potion of invisibility {unknown}
 g - a potion of flight {unknown}
 h - a potion of resistance {unknown}
 k - 2 potions of attraction
 n - a potion of mutation {unknown}
 q - 2 potions of heal wounds
 r - a potion of degeneration {unknown}


   Skills:
 + Level 3.7 Fighting
 + Level 3.3 Axes
 + Level 4.2 Armour
 - Level 0.1 Stealth
 + Level 4.1 Shields


You had 4 spell levels left.
You didn't know any spells.
Your spell library contained the following spells:

 Spells                   Type           Power      Damage    Failure   Level
 Wereblood                Tmut           0%         N/A       100%        2
 Summon Hydra             Summ           0%         N/A       100%        7
 Sublimation of Blood     Necr           Unusable   N/A       N/A         2

Dungeon Overview and Level Annotations

Branches:
Dungeon (3/15)

Altars:


Innate Abilities, Weirdness & Mutations

You are immune to sickness and miasma.
Your stone body is resilient. (AC +4)
You are immune to poison.
You resist negative energy. (rN+)
You are resistant to electric shocks. (rElec)
You are resistant to unholy torment.
You are immune to petrification.


Message History

You kill the endoplasm!
No target in view!
No target in view!
No target in view!
An endoplasm is nearby!
The endoplasm quivers.
The endoplasm jiggles.
There is an open door here.
You barely miss the endoplasm. The endoplasm completely misses you.
You hit the endoplasm but do no damage. The endoplasm freezes you.
You are frozen.
The endoplasm closely misses you.
You hit the endoplasm.
The endoplasm is heavily wounded.
The endoplasm freezes you.
You are frozen.
You hit the endoplasm but do no damage.
The endoplasm is heavily wounded.
You block the endoplasm's attack.
You hit the endoplasm.
You kill the endoplasm!
No target in view!
No target in view!
A jelly is nearby!
A jelly is nearby!
A jelly is nearby!
The jelly quivers.
There is an open door here.
The jelly hits you but does no damage.
You slash the jelly!
Your hands burn!
The jelly is heavily wounded.
The jelly hits you. The acid corrodes you!
You are splashed with acid!
You are too injured to fight recklessly!
You are too injured to fight recklessly!
You are too injured to fight recklessly!
The jelly attacks as you move away! The jelly hits you.
You are splashed with acid!
* * * LOW HITPOINT WARNING * * *
You slash the jelly! The acid corrodes you!
Your hands burn!
You die...

###.#### #.# #..# #. #.# #.# #..#
## #.# #.# #..# ##.## #.#####
#####..#### ##..)## #.....#
#......<... #....J## #####.#
#.###.##.## .......## ##.###.#
#.###.##.##
........####...##.#####.##...#.##
........'......J@...............+
........####...##.########...####
.>.....## ##.###.#### ##.## #
#.....## ##.......# ##...##
##...## #.#..##.# #.....# ##'##
#.#.###.# #.....# #.# #.#.###.#
#.....# #.# #.......# ##...## ###
###.##### ###.#


You could see a jelly.

Vanquished Creatures
  A jelly (D:3)
  A gnoll (D:1)
  Robin (D:3)
  An adder (D:2)
  3 dart slugs (D:2)
  3 bats (D:1)
  12 endoplasms
  3 giant cockroaches
  10 goblins
  7 hobgoblins
  3 jackals (D:2)
  13 kobolds
  2 ball pythons
  3 frilled lizards
  6 rats
69 creatures vanquished.

Vanquished Creatures (others)
  2 fungi (D:2)
  10 toadstools (D:2)
12 creatures vanquished.

Grand Total: 81 creatures vanquished

Notes
Turn   | Place    | Note
-------+----------+-------------------------------------------
     0 | D:1      | bande the Gargoyle Fighter began the quest for the Orb.
     0 | D:1      | Reached XP level 1. HP: 14/14 MP: 1/1
   175 | D:1      | Reached XP level 2. HP: 19/19 MP: 2/2
   409 | D:1      | Reached XP level 3. HP: 23/23 MP: 3/3
  1213 | D:2      | Found a faded altar of an unknown god.
  1399 | D:2      | Reached XP level 4. HP: 28/28 MP: 4/4
  1570 | D:3      | Noticed Robin
  1589 | D:3      | Killed Robin
  1590 | D:3      | Reached XP level 5. HP: 19/33 MP: 5/5
  1862 | D:2      | Splashed by a jelly's acid

Illustrated notes

Levels and vault maps discovered:
D:1:      dpeg_arrival_boxes_within_box, layout_basic
D:2:      cheibrodos_fertilizer, layout_loops_corners,
          shapermc_ecumenical_altar_petra
D:3:      layout_rooms, ebering_ghost_gozag, uniq_robin

Skill      XL: |  1  2  3  4 |
---------------+-------------+-----
Axes           | 2 3 |  3.3
Shields        | 4 |  4.1
Armour         | 4 |  4.2
Fighting       | |  3.7
Stealth        | |  0.1

Action                   |  1- 3 |  4- 6 || total
-------------------------+-------+-------++-------
Melee: War axe           |    98 |    59 ||   157
  Use: Potion            |       |     2 ||     2
Armor: Scale mail        |    13 |       ||    13
       Chain mail        |    42 |    40 ||    82
Dodge: Dodged            |    55 |    52 ||   107
Block: Buckler           |    24 |    19 ||    43

Table legend: (Time is in decaauts)
 A = Elapsed time spent in this place.
 B = Non-inter-level travel time spent in this place.
 C = Inter-level travel time spent in this place.
 D = Time resting spent in this place.
 E = Time spent auto-exploring this place.
 F = Levels seen in this place.
 G = Mean time per level.
                   A        B        C        D        E       F      G
               +--------+--------+--------+--------+--------+-----+--------+
         Total |   1927 |   1898 |     29 |     61 |   1366 |   3 |  642.3 |
       Dungeon |   1927 |   1898 |     29 |     61 |   1366 |   3 |  642.3 |
               +--------+--------+--------+--------+--------+-----+--------+

Top non-repeatable levels by time:
     D:2: 1104 daAuts
     D:1: 697 daAuts
     D:3: 126 daAuts
